 Dungeon Crawl Stone Soup version 0.30.1 (webtiles) character file.

Game seed: 12739381043431535022

628 Babbit the Trooper (level 7, -8/91 HPs)
             Began as a Hill Orc Fighter on July 11, 2023.
             Mangled by Menkaure (10 damage)
             ... on level 4 of the Dungeon.
             The game lasted 00:20:07 (2084 turns).

Babbit the Trooper (Hill Orc Fighter)               Turns: 2084, Time: 00:20:09

Health: -8/91      AC: 23    Str: 21    XL:     7   Next: 48%
Magic:  7/7        EV:  2    Int:  8    God:
Gold:   68         SH: 10    Dex: 15    Spells: 6/6 levels left

rFire   + + .        q - +4 falchion of Change {heavy, *Corrode rF+ Dex+5}
rCold   + . .        c - +0 buckler
rNeg    . . .        f - melded +0 plate armour
rPois   +            (helmet currently unavailable)
rElec   +            k - melded +0 cloak
rCorr   +            i - melded +0 pair of gloves
SInv    .            u - melded +0 pair of boots
Will    .....        l - amulet of reflection
Stlth   +            (no ring)
HPRegen 0.35/turn    (no ring)
MPRegen 0.10/turn

%: corrode self (3%), reflection
@: tree-form, resistant
A: stationary, stasis, torment immunity, boosted hp, (fire resistance 1), noise
suppression
a: no special abilities


You were on level 4 of the Dungeon.
You were a tree.
You visited 1 branch of the dungeon, and saw 4 of its levels.

You collected 68 gold pieces.

Inventory:

Hand Weapons
 a - a +0 war axe
 q - the +4 falchion of Change (weapon) {heavy, *Corrode rF+ Dex+5}
   (You found it on level 3 of the Dungeon)

   Dex:       It affects your dexterity (+5).
   rF:        It protects you from fire.
   *Corrode:  It may corrode you when you take damage.
 v - a +1 short sword of venom
Missiles
 d - 3 poisoned darts (quivered)
 j - 20 stones
Armour
 c - a +0 buckler (worn)
 f - a +0 plate armour (melded)
 i - a +0 pair of gloves (melded)
 k - a +0 cloak (melded)
 u - a +0 pair of boots (melded)
Jewellery
 b - an amulet of magic regeneration
 g - an amulet of regeneration
 l - an amulet of reflection (around neck)
Scrolls
 n - 3 scrolls of teleportation
 p - a scroll of fog {unknown}
 r - a scroll of poison {unknown}
 s - a scroll of amnesia {unknown}
 t - a scroll of enchant weapon {unknown}
Potions
 e - a potion of brilliance {unknown}
 m - a potion of flight
 o - a potion of mutation


   Skills:
 + Level 5.4 Fighting
 + Level 3.7 Long Blades
 + Level 4.9 Axes
 + Level 0.2 Throwing
 + Level 5.1 Armour
 + Level 0.1 Dodging
 + Level 5.0 Shields


You had 6 spell levels left.
You didn't know any spells.
Your spell library contained the following spells:

 Spells                   Type           Power      Damage    Failure   Level
 Apportation              Tloc           0%         N/A       45%         1
 Necrotise                Necr           0%         1d4       45%         1
 Summon Small Mammal      Summ           0%         N/A       45%         1


Dungeon Overview and Level Annotations

Branches:
Dungeon (4/15)
 Temple: D:4-7

Altars:

Annotations:
D:4 Menkaure


Innate Abilities, Weirdness & Mutations

You are a tree.
Your roots penetrate the ground, keeping you stationary.
You cannot be teleported.
You are immune to unholy pain and torment.
Your maximum health is greatly increased.
Your equipment is partially melded.
((Your flesh is heat resistant. (rF+)))
You passively dampen the noise of your surroundings.


Message History

You feel very buoyant.
You fly up into the air.
It was a potion of mutation.
You feel extremely strange.
You feel resistant to heat.
You feel your surroundings grow quieter.
You are too injured to fight recklessly!
Unknown command.
Throw: 5 darts (poison)
Press: ? - help, Q - select action, (/) - cycle Shift-Dir - straight line, f - Menkaure
Aim: Menkaure (75% to hit)
You throw a poisoned dart. The poisoned dart hits Menkaure.
Throw: 4 darts (poison)
Press: ? - help, Q - select action, (/) - cycle Shift-Dir - straight line, f/p - Menkaure
Aim: Menkaure (75% to hit)
You throw a poisoned dart. The poisoned dart hits Menkaure.
You hit Menkaure.
Menkaure is lightly damaged.
Menkaure gestures wildly while chanting.
Menkaure seems to speed up.
You closely miss Menkaure.
Menkaure is lightly damaged.
Menkaure hits you but does no damage. You block Menkaure's attack.
You hit Menkaure.
Menkaure is moderately damaged.
Menkaure hits you!
* * * LOW HITPOINT WARNING * * *
Menkaure barely misses you.
It was a potion of resistance.
You feel protected.
Menkaure points at you and mumbles some strange words.
Pain shoots through your body!
* * * LOW HITPOINT WARNING * * *
Menkaure hits you but does no damage.
It was a potion of lignification.
You turn into a tree.
Your +0 cloak melds into your body.
Your +0 pair of gloves melds into your body.
Your +0 pair of boots melds into your body.
Your +0 plate armour melds into your body.
Your roots penetrate the ground.
Menkaure hits you!
You die...

## #.############
#.##.........###
##..............##
#..[..............
#.................
#.................
#.........♣M(.....
#................#
#...............##
#.#............##
.
##.####........##
##..#### .. #..#
##########
###......# ...
#..# #.........
...###..#
#.......#.
.....#.####
#.........


You could see Menkaure (fast).

Vanquished Creatures
  Sigmund (D:2)
  An ice beast (D:4)
  A black bear (D:4)
  An ogre (D:4)
  2 hounds (D:4)
  A jelly (D:4)
  4 adders
  2 worms
  2 dart slugs (D:2)
  An orc (D:3)
  5 endoplasms
  2 giant cockroaches
  8 hobgoblins
  2 quokkas (D:3)
  8 ball pythons
  2 bats
  9 frilled lizards
  7 goblins
  6 kobolds
  5 rats
70 creatures vanquished.

Notes
Turn   | Place    | Note
-------+----------+-------------------------------------------
     0 | D:1      | Babbit the Hill Orc Fighter began the quest for the Orb.
     0 | D:1      | Reached XP level 1. HP: 19/19 MP: 1/1
   111 | D:1      | Found a faded altar of an unknown god.
   179 | D:1      | Reached XP level 2. HP: 27/27 MP: 2/2
   513 | D:2      | Reached XP level 3. HP: 19/33 MP: 3/3
   543 | D:2      | Noticed Sigmund
   551 | D:2      | Killed Sigmund
   552 | D:2      | Reached XP level 4. HP: 29/41 MP: 4/4
   552 | D:2      | Reached XP level 5. HP: 33/47 MP: 5/5
  1091 | D:3      | Identified the +4 falchion of Change {heavy, *Corrode rF+
                  | Dex+5}
  1112 | D:3      | Reached skill level 5 in Fighting
  1117 | D:3      | Reached XP level 6. HP: 53/56 MP: 6/6
  1507 | D:4      | Noticed an ice beast
  1515 | D:4      | Killed an ice beast
  1516 | D:4      | Reached skill level 1 in Long Blades
  1549 | D:4      | Noticed a black bear
  1566 | D:4      | Killed a black bear
  1567 | D:4      | Reached XP level 7. HP: 39/61 MP: 7/7
  1707 | D:4      | Reached skill level 5 in Armour
  1707 | D:4      | Reached skill level 5 in Shields
  2072 | D:4      | Noticed Menkaure
  2077 | D:4      | Gained mutation: Your flesh is heat resistant. (rF+)
                  | [potion of mutation]
  2077 | D:4      | Gained mutation: You passively dampen the noise of your
                  | surroundings. [potion of mutation]
  2083 | D:4      | HP: 1/61 [Menkaure/nerve-wracking pain (14)]
  2084 | D:4      | Mangled by Menkaure

Illustrated notes

Levels and vault maps discovered:
D:1:      lightli_arrival_quake, layout_rooms, basic_ecumenical_altar
D:2:      layout_loops_cross, serial_bayou_pond_d, uniq_sigmund
D:3:      layout_rooms
D:4:      cheibrodos_helix_gallery, layout_cave_pods,
          nzn_hepliaklqana_mist_gate, uniq_menkaure

Skill      XL: |  1  2  3  4  5  6  7 |
---------------+----------------------+-----
Axes           | 3 4 |  4.9
Fighting       | 4 5 |  5.4
Armour         | 4 5 |  5.1
Shields        | 4 5 |  5.0
Long Blades    | 3 |  3.7
Throwing       | |  0.2
Dodging        | |  0.1

Action                     |  1- 3 |  4- 6 |  7- 9 || total
---------------------------+-------+-------+-------++-------
  Melee: War axe           |    55 |    41 |       ||    96
         Falchion          |       |    51 |    27 ||    78
  Throw: Stone             |       |     6 |     1 ||     7
         Dart              |       |       |     2 ||     2
    Use: Potion            |       |     1 |     4 ||     5
         Scroll            |       |     1 |       ||     1
 Armour: Plate armour      |    22 |    57 |    14 ||    93
         Scale mail        |     2 |       |       ||     2
  Dodge: Dodged            |    11 |    24 |    10 ||    45
  Block: Buckler           |    18 |    47 |    15 ||    80
         Reflection        |     1 |       |       ||     1
